[Event "European Womens-ch 2025"]
[Site "Rhodes"]
[Date "2025.04.08"]
[Round "8.21"]
[White "Zhukova, Natalia"]
[Black "Zherebtsova, Alexandra"]
[Result "1/2-1/2"]
[Annotator "RC"]
[ECO "D36"]
[WhiteElo "2306"]
[BlackElo "2229"]
[PlyCount "119"]
[EventDate "2025.03.29"]
[EventType "swiss"]
[EventCountry "GRE"]
[SourceTitle "playchess.com"]
[Source "ChessBase"]
[SourceQuality "1"]
[TimeControl "40/5400+30:1800+30"]

1. d4 Nf6 2. c4 e6 3. Nc3 d5 4. cxd5 exd5 5. Bg5 Be7 6. e3 c6 7. Bd3 O-O 8. Nge2 Re8 9. Qc2 Nbd7 10. f3 Nf8 11. Bh4 b5 12. a3 g6 13. O-O Ne6 14. Kh1 a6 15. Rad1 Bb7 16. h3 c5 17. dxc5 Nxc5 18. Nf4 Nxd3 19. Rxd3 Qc7 20. Qd2 Qe5 21. Bxf6 Bxf6 22. Nfxd5 Bxd5 23. Nxd5 Qxb2 24. Qxb2 Bxb2 25. Rb3 Red8 26. Nc7 Ra7 27. Nxb5 axb5 28. Rxb2 Rxa3 29. e4 Rb8 30. Rfb1 Ra5 31. Kg1 h5 32. h4 Kg7 33. Kf2 Kf6 34. Ke3 Rb7 35. Rb4 Ke6 36. R1b2 Rb8 37. Kf4 Kf6 38. g4 hxg4 39. fxg4 Rb6 40. h5 gxh5 41. gxh5 Ra1 42. Rxb5 Rxb5 43. Rxb5 Rf1+ 44. Ke3 Re1+ 45. Kd3 Rf1 46. Rb2 Rh1 47. Rf2+ Kg7 48. Rf5 f6 49. Kd4 Rh2 50. Kd5 Rh4 51. Kd4 Rh1 52. Rb5 Kh6 53. Rf5 Kg7 54. Ke3 Re1+ 55. Kf3 Rf1+ 56. Kg3 Rxf5 57. exf5 Kh6 58. Kg4 Kg7 59. Kf4 Kh6 60. Ke4 1/2-1/2

[Event "European Womens-ch 2025"]
[Site "Rhodes"]
[Date "2025.04.08"]
[Round "8.22"]
[White "Gevorgyan, Maria"]
[Black "Kochavi, Dana"]
[Result "1-0"]
[Annotator "RC"]
[ECO "E90"]
[WhiteElo "2234"]
[BlackElo "2301"]
[PlyCount "65"]
[EventDate "2025.03.29"]
[EventType "swiss"]
[EventCountry "GRE"]
[SourceTitle "playchess.com"]
[Source "ChessBase"]
[SourceQuality "1"]
[TimeControl "40/5400+30:1800+30"]

1. Nf3 Nf6 2. c4 g6 3. Nc3 Bg7 4. e4 d6 5. d4 O-O 6. h3 e5 7. d5 Nh5 8. g3 f5 9. exf5 gxf5 10. Nh4 Nf6 11. Qc2 Qe8 12. Be2 Na6 13. a3 Nc5 14. Be3 a5 15. O-O-O Nce4 16. Nxe4 Nxe4 17. g4 Nc5 18. Nxf5 Bxf5 19. gxf5 e4 20. Rhg1 Qe7 21. Bd4 Rf7 22. Rxg7+ Rxg7 23. f6 Qf7 24. fxg7 Re8 25. Rg1 a4 26. Bxc5 dxc5 27. Bg4 Qf4+ 28. Kb1 Qh2 29. Rg3 e3 30. Be6+ Rxe6 31. Qxh7+ Kxh7 32. g8=Q+ Kh6 33. Qh8# 1-0

[Event "European Womens-ch 2025"]
[Site "Rhodes"]
[Date "2025.04.08"]
[Round "8.23"]
[White "Gaboyan, Susanna"]
[Black "Heinemann, Josefine"]
[Result "1/2-1/2"]
[Annotator "RC"]
[ECO "B22"]
[WhiteElo "2200"]
[BlackElo "2297"]
[PlyCount "120"]
[EventDate "2025.03.29"]
[EventType "swiss"]
[EventCountry "GRE"]
[SourceTitle "playchess.com"]
[Source "ChessBase"]
[SourceQuality "1"]
[TimeControl "40/5400+30:1800+30"]

1. e4 c5 2. c3 Nf6 3. e5 Nd5 4. Bc4 Nb6 5. Bb3 c4 6. Bc2 Nc6 7. Nf3 d6 8. exd6 Qxd6 9. O-O Bg4 10. Re1 Ne5 11. Rxe5 Bxf3 12. Qe1 Bc6 13. b3 g6 14. Ba3 Qc7 15. Bc5 f6 16. Re6 Bd5 17. Bd6 Qd7 18. Rxf6 Bg7 19. Bxg6+ hxg6 20. Rxg6 O-O-O 21. Qxe7 Rhe8 22. Qxd7+ Rxd7 23. Na3 Be4 24. Rg3 Bh6 25. Bc5 cxb3 26. axb3 Bd3 27. Bd4 Ba6 28. b4 Nc4 29. Nxc4 Bxc4 30. Bxa7 Rxd2 31. h3 Bf4 32. Rf3 Ra2 33. Rb1 Re4 34. g3 Rxa7 35. Rxf4 Rxf4 36. gxf4 b5 37. Rd1 Ra3 38. Rc1 Kd7 39. Kg2 Ke6 40. Kf3 Kf5 41. h4 Ra8 42. Rg1 Bd5+ 43. Ke3 Re8+ 44. Kd4 Bc4 45. h5 Re4+ 46. Kc5 Kxf4 47. Rh1 Re5+ 48. Kb6 Re6+ 49. Kc5 Rh6 50. Rh4+ Kg5 51. Rxc4 bxc4 52. b5 Rxh5 53. b6 Rh1 54. Kxc4 Rc1 55. Kd5 Rxc3 56. b7 Rb3 57. Kc6 Kf4 58. Kc7 Kf3 59. b8=Q Rxb8 60. Kxb8 Kxf2 1/2-1/2

[Event "European Womens-ch 2025"]
[Site "Rhodes"]
[Date "2025.04.08"]
[Round "8.24"]
[White "Ibrahimova, Sabina"]
[Black "Yao, Lan"]
[Result "1/2-1/2"]
[Annotator "RC"]
[ECO "D31"]
[WhiteElo "2199"]
[BlackElo "2294"]
[PlyCount "141"]
[EventDate "2025.03.29"]
[EventType "swiss"]
[EventCountry "GRE"]
[SourceTitle "playchess.com"]
[Source "ChessBase"]
[SourceQuality "1"]
[TimeControl "40/5400+30:1800+30"]

1. c4 e6 2. Nc3 d5 3. d4 a6 4. cxd5 exd5 5. Bf4 Nf6 6. Bg5 c6 7. e3 Bd6 8. Bd3 O-O 9. Nge2 Re8 10. Qc2 h6 11. Bh4 a5 12. Bg3 Bxg3 13. Nxg3 Na6 14. a3 Nc7 15. O-O h5 16. Nf5 Ne6 17. Rfe1 Ng5 18. f3 Be6 19. Rad1 g6 20. Nh4 Ngh7 21. Qf2 Qd7 22. Na4 Qd6 23. Bb1 Rad8 24. Nc3 Re7 25. Bc2 Bc8 26. Rf1 Ng5 27. e4 dxe4 28. fxe4 Ng4 29. e5 Qc7 30. Qg3 Qb6 31. Na4 Qa7 32. Nc5 Ne6 33. Nxe6 Bxe6 34. Nf3 Bd5 35. Kh1 b5 36. Rfe1 Kg7 37. h3 Bxf3 38. Qxf3 Nh6 39. Qf6+ Kh7 40. Qg5 Qc7 41. Qxh5 Rd5 42. Rf1 Re6 43. Qh4 c5 44. Bb3 c4 45. Bc2 Qe7 46. Qg3 Rd8 47. Rf4 Kg7 48. Rdf1 Rd7 49. Rf6 Qe8 50. Rxe6 fxe6 51. Rf6 Nf5 52. Bxf5 exf5 53. Qh4 b4 54. e6 Rb7 55. axb4 axb4 56. d5 c3 57. Qd4 Kg8 58. d6 c2 59. Qc5 Qb5 60. Qc8+ Kh7 61. Qxc2 Qf1+ 62. Kh2 Qf4+ 63. g3 Qxd6 64. h4 Kg7 65. Rf7+ Rxf7 66. exf7 Kxf7 67. h5 Kg7 68. hxg6 Kxg6 69. Kh3 Qd5 70. Kh2 Qd6 71. Qe4 1/2-1/2

[Event "European Womens-ch 2025"]
[Site "Rhodes"]
[Date "2025.04.08"]
[Round "8.25"]
[White "Zimina, Olga"]
[Black "Sandu, Mihaela"]
[Result "1/2-1/2"]
[Annotator "RC"]
[ECO "D02"]
[WhiteElo "2293"]
[BlackElo "2230"]
[PlyCount "100"]
[EventDate "2025.03.29"]
[EventType "swiss"]
[EventCountry "GRE"]
[SourceTitle "playchess.com"]
[Source "ChessBase"]
[SourceQuality "1"]
[TimeControl "40/5400+30:1800+30"]

1. d4 Nf6 2. Nf3 e6 3. Bf4 c5 4. e3 Nc6 5. c3 d5 6. Nbd2 h6 7. Bd3 Bd6 8. Bg3 cxd4 9. exd4 Nh5 10. Bxd6 Qxd6 11. O-O Nf4 12. Bc2 Bd7 13. Re1 O-O-O 14. Ne5 Nxe5 15. dxe5 Qb6 16. Nb3 f6 17. a4 fxe5 18. Rxe5 Rhf8 19. Qd4 Qxd4 20. Nxd4 Rf6 21. Rae1 Kc7 22. h4 Rg8 23. g3 Nh3+ 24. Kg2 Nxf2 25. Nxe6+ Kb8 26. Rf5 Rxf5 27. Bxf5 Ne4 28. a5 Nd6 29. Bg6 Nc4 30. b4 Nd6 31. Nd4 Rc8 32. Re7 Bg4 33. Re3 a6 34. Kf2 Nc4 35. Re7 Nb2 36. Rxg7 Nd1+ 37. Ke1 Nxc3 38. Bd3 h5 39. Nb3 Na4 40. Kd2 Rc3 41. Nc5 Ra3 42. Nxb7 d4 43. Bxa6 Ra2+ 44. Kc1 Bf5 45. Nd6 d3 46. Rb7+ Ka8 47. Bxd3 Bxd3 48. Rc7 Rb2 49. Rc8+ Ka7 50. Rc7+ Ka8 1/2-1/2

[Event "European Womens-ch 2025"]
[Site "Rhodes"]
[Date "2025.04.08"]
[Round "8.27"]
[White "Allahverdiyeva, Ayan"]
[Black "Mgeladze, Kesaria"]
[Result "0-1"]
[Annotator "RC"]
[ECO "B67"]
[WhiteElo "2266"]
[BlackElo "2200"]
[PlyCount "100"]
[EventDate "2025.03.29"]
[EventType "swiss"]
[EventCountry "GRE"]
[SourceTitle "playchess.com"]
[Source "ChessBase"]
[SourceQuality "1"]
[TimeControl "40/5400+30:1800+30"]

1. e4 c5 2. Nf3 d6 3. d4 cxd4 4. Nxd4 Nf6 5. Nc3 Nc6 6. Bg5 e6 7. Qd2 a6 8. O-O-O Bd7 9. Kb1 Be7 10. f3 b5 11. Nxc6 Bxc6 12. Qe1 Qb6 13. Ne2 Rc8 14. Nd4 Bd7 15. h4 h6 16. Be3 Qc7 17. Qd2 e5 18. Nf5 Bxf5 19. exf5 d5 20. c3 b4 21. c4 dxc4 22. Bxc4 Qxc4 23. Rc1 Ne4 24. fxe4 Qxe4+ 25. Ka1 Rxc1+ 26. Qxc1 O-O 27. g4 Qxg4 28. Bxh6 Qxf5 29. Rg1 Bf6 30. Rf1 Qg4 31. Bg5 Rc8 32. Qd2 Bxg5 33. hxg5 Qd4 34. Qg2 Qe3 35. Kb1 Qd3+ 36. Ka1 Qc2 37. Qg1 b3 38. axb3 Qxb3 39. Qa7 Rb8 40. Rf2 Rd8 41. Rf1 g6 42. Qe7 Qd5 43. Rc1 Rb8 44. Qa3 Qd2 45. Rg1 e4 46. Rg3 Rxb2 47. Rc3 Rb8 48. Rc1 e3 49. Rh1 Qd4+ 50. Ka2 Qd5+ 0-1

[Event "European Womens-ch 2025"]
[Site "Rhodes"]
[Date "2025.04.08"]
[Round "8.28"]
[White "Gaponenko, Inna"]
[Black "Abdinova, Narmin"]
[Result "1/2-1/2"]
[Annotator "RC"]
[ECO "C78"]
[WhiteElo "2349"]
[BlackElo "2165"]
[PlyCount "102"]
[EventDate "2025.03.29"]
[EventType "swiss"]
[EventCountry "GRE"]
[SourceTitle "playchess.com"]
[Source "ChessBase"]
[SourceQuality "1"]
[TimeControl "40/5400+30:1800+30"]

1. e4 e5 2. Nf3 Nc6 3. Bb5 a6 4. Ba4 Nf6 5. O-O b5 6. Bb3 Bc5 7. a4 Rb8 8. axb5 axb5 9. Nxe5 Nxe5 10. d4 Bxd4 11. Qxd4 d6 12. f4 Nc6 13. Qd3 O-O 14. Nc3 Re8 15. e5 dxe5 16. Qxd8 Nxd8 17. fxe5 Rxe5 18. Bf4 Rc5 19. Be3 Rh5 20. Ba7 Ra8 21. Bd4 Rxa1 22. Rxa1 Bb7 23. Bxf6 gxf6 24. Rd1 Ne6 25. Bxe6 fxe6 26. Rd8+ Kf7 27. Rd7+ Kg6 28. Rxc7 Bd5 29. Rc5 b4 30. Nxd5 exd5 31. Rb5 Re5 32. Rxb4 Re2 33. c3 Rc2 34. Rb5 f5 35. g3 Kg5 36. h3 h5 37. Rxd5 Rxb2 38. Rd4 Rc2 39. Rd3 h4 40. gxh4+ Kxh4 41. Kf1 Kg5 42. Ke1 Kf4 43. Kd1 Rh2 44. c4 Ke4 45. Rc3 f4 46. c5 f3 47. Ke1 Rxh3 48. Kf2 Rh2+ 49. Kg1 Rg2+ 50. Kf1 Kd4 51. Rxf3 Rc2 1/2-1/2

[Event "European Womens-ch 2025"]
[Site "Rhodes"]
[Date "2025.04.08"]
[Round "8.29"]
[White "Schloffer, Jasmin-Denise"]
[Black "Wagner, Dinara"]
[Result "0-1"]
[Annotator "RC"]
[ECO "D32"]
[WhiteElo "2188"]
[BlackElo "2440"]
[PlyCount "138"]
[EventDate "2025.03.29"]
[EventType "swiss"]
[EventCountry "GRE"]
[SourceTitle "playchess.com"]
[Source "ChessBase"]
[SourceQuality "1"]
[TimeControl "40/5400+30:1800+30"]

1. d4 Nf6 2. c4 e6 3. Nc3 Bb4 4. e3 O-O 5. Nf3 c5 6. Bd3 d5 7. cxd5 exd5 8. O-O Bg4 9. dxc5 Bxc5 10. Be2 Nc6 11. a3 a5 12. Qc2 Qe7 13. Rd1 Rfd8 14. Qa4 Bxf3 15. Bxf3 d4 16. Bxc6 bxc6 17. exd4 Rxd4 18. Qc2 Rxd1+ 19. Qxd1 Ng4 20. Be3 Nxe3 21. fxe3 Qxe3+ 22. Kh1 Re8 23. h3 Qe5 24. Qd2 Qg3 25. Rd1 h5 26. Ne2 Qf2 27. Nf4 Qxd2 28. Rxd2 Re1+ 29. Kh2 h4 30. g4 Be3 31. Rd8+ Kh7 32. Nd3 Re2+ 33. Kh1 Rd2 34. b4 a4 35. Rd7 Rd1+ 36. Kg2 Bc1 37. Nc5 Rxd7 38. Nxd7 Bxa3 39. Nb6 Bxb4 40. Nxa4 Kg6 41. Kf3 Kf6 42. Ke4 Ke6 43. Nb2 g6 44. Nc4 f5+ 45. gxf5+ gxf5+ 46. Kf4 Kf6 47. Kf3 Be1 48. Ke2 Bb4 49. Kf3 Bc3 50. Ne3 Be5 51. Nc4 Bc7 52. Ke3 c5 53. Nd2 Ke6 54. Nf3 Bg3 55. Kd3 Kd5 56. Nd2 Ke5 57. Nc4+ Kf4 58. Nd6 Bf2 59. Ke2 Bd4 60. Kf1 Be5 61. Nc4 Bf6 62. Kf2 Bd4+ 63. Kg2 Ke4 64. Nd6+ Ke5 65. Nc4+ Kd5 66. Nd2 c4 67. Kf3 c3 68. Nb3 Kc4 69. Nc1 Be5 0-1

[Event "European Womens-ch 2025"]
[Site "Rhodes"]
[Date "2025.04.08"]
[Round "8.30"]
[White "Yildiz, Elif Zeren"]
[Black "Fataliyeva, Ulviyya"]
[Result "1/2-1/2"]
[Annotator "RC"]
[ECO "B10"]
[WhiteElo "2160"]
[BlackElo "2387"]
[PlyCount "88"]
[EventDate "2025.03.29"]
[EventType "swiss"]
[EventCountry "GRE"]
[SourceTitle "playchess.com"]
[Source "ChessBase"]
[SourceQuality "1"]
[TimeControl "40/5400+30:1800+30"]

1. e4 c6 2. Nf3 d5 3. d3 Qc7 4. g3 dxe4 5. dxe4 e5 6. Bg2 Nf6 7. Nbd2 Bc5 8. O-O O-O 9. Qe2 a5 10. h3 Nbd7 11. Rd1 b5 12. Nf1 b4 13. Nh4 Re8 14. Be3 a4 15. Nf5 Ba6 16. Qe1 Rab8 17. g4 Bxe3 18. Qxe3 Nf8 19. N1g3 Ne6 20. g5 Nd7 21. h4 Nf4 22. Bf3 Nf8 23. Rd2 c5 24. Rad1 c4 25. Nh5 Nxh5 26. Bxh5 Bc8 27. Nd6 Re7 28. Nf5 Rd7 29. Rxd7 Bxd7 30. Ne7+ Kh8 31. Nd5 Qb7 32. Qg3 Ng6 33. Bxg6 hxg6 34. Qxe5 Re8 35. Qf4 Bc6 36. f3 b3 37. cxb3 axb3 38. axb3 Qxb3 39. Ne3 Kg8 40. Rd2 Ra8 41. Kf2 Ra2 42. Qd6 Rxb2 43. Nxc4 Rxd2+ 44. Nxd2 Qb6+ 1/2-1/2

[Event "European Womens-ch 2025"]
[Site "Rhodes"]
[Date "2025.04.08"]
[Round "8.31"]
[White "Pavlidou, Ekaterini"]
[Black "Atalik, Ekaterina"]
[Result "0-1"]
[Annotator "RC"]
[ECO "D10"]
[WhiteElo "2160"]
[BlackElo "2375"]
[PlyCount "122"]
[EventDate "2025.03.29"]
[EventType "swiss"]
[EventCountry "GRE"]
[SourceTitle "playchess.com"]
[Source "ChessBase"]
[SourceQuality "1"]
[TimeControl "40/5400+30:1800+30"]

1. d4 d5 2. c4 c6 3. cxd5 cxd5 4. Bf4 Nc6 5. e3 Nf6 6. Nc3 a6 7. Bd3 Bg4 8. f3 Bh5 9. g4 Bg6 10. h4 Bxd3 11. Qxd3 e6 12. Nge2 Nd7 13. Bg3 Nb6 14. a3 Bd6 15. Kf2 O-O 16. Kg2 Rc8 17. Rac1 Nc4 18. Rc2 b5 19. Rhc1 Bxg3 20. Nxg3 Qb6 21. f4 Qb7 22. Kh3 Rfe8 23. Rf2 Nb8 24. Nd1 Nd7 25. g5 Rc6 26. Rcc2 Rec8 27. h5 Nd6 28. Rxc6 Qxc6 29. Nc3 a5 30. Kh2 f5 31. gxf6 Nxf6 32. Rg2 Qe8 33. Qe2 b4 34. axb4 axb4 35. Nd1 Rc1 36. Nf2 b3 37. Nd3 Rc2 38. Qd1 Nc4 39. Qf3 Nxe3 40. Rxc2 bxc2 41. Kh3 Nf5 42. Qe2 Nxg3 43. Kxg3 Ne4+ 44. Kg2 Qc6 45. Nc1 Kf7 46. Qf3 Qc8 47. Qb3 Nd6 48. Qb6 Nf5 49. Qa7+ Kf6 50. Qb6 Ne3+ 51. Kf2 Nf5 52. Qb4 Kf7 53. b3 Qc7 54. Kf3 Qa7 55. Qc3 Nxd4+ 56. Kg2 Nf5 57. Nd3 Qb7 58. Ne5+ Kg8 59. Kh2 Nd4 60. Qc5 Qa6 61. Kg3 c1=Q 0-1

[Event "European Womens-ch 2025"]
[Site "Rhodes"]
[Date "2025.04.08"]
[Round "8.32"]
[White "Sliwicka, Alicja"]
[Black "Piddubna, Bozhena"]
[Result "1/2-1/2"]
[Annotator "RC"]
[ECO "C42"]
[WhiteElo "2342"]
[BlackElo "2145"]
[PlyCount "203"]
[EventDate "2025.03.29"]
[EventType "swiss"]
[EventCountry "GRE"]
[SourceTitle "playchess.com"]
[Source "ChessBase"]
[SourceQuality "1"]
[TimeControl "40/5400+30:1800+30"]

1. e4 e5 2. Nf3 Nf6 3. Nxe5 d6 4. Nf3 Nxe4 5. c4 c6 6. d4 d5 7. Bd3 Bb4+ 8. Nbd2 Bg4 9. O-O Bxd2 10. Bxd2 O-O 11. Bb4 c5 12. Bxc5 Nxc5 13. dxc5 dxc4 14. Bxc4 Nd7 15. h3 Bxf3 16. Qxf3 Nxc5 17. b4 Qh4 18. Rac1 Ne4 19. Rfd1 Ng5 20. Qxb7 Rab8 21. Qxa7 Rxb4 22. Qc5 Rbb8 23. Rd4 Qh6 24. Re1 Rbc8 25. Qf5 Qb6 26. Rg4 h6 27. h4 Rc5 28. Qf4 Nh7 29. Qg3 Qb2 30. Kh2 h5 31. Rf4 Nf6 32. Qd3 Qb8 33. g3 Ng4+ 34. Kg1 Ne5 35. Qe2 Nxc4 36. Rxc4 Ra5 37. a4 Qb3 38. Rec1 Rxa4 39. R4c3 Qd5 40. Rc5 Qe4 41. Qxh5 Qg4 42. Qd5 Qe4 43. Qd7 Rd4 44. Qf5 Qxf5 45. Rxf5 Rfd8 46. Rcc5 g6 47. Rfe5 Kg7 48. Kg2 R8d7 49. Ra5 R7d6 50. Re3 Rd3 51. Rxd3 Rxd3 52. g4 Rb3 53. f3 Rc3 54. Kg3 Rb3 55. Ra4 Rc3 56. g5 Rb3 57. Kg4 Rb1 58. Re4 f5+ 59. gxf6+ Kxf6 60. Rf4+ Kg7 61. Ra4 Rb6 62. Ra5 Kf6 63. Ra7 Rb4+ 64. Kg3 Rb1 65. Ra6+ Kf5 66. Ra5+ Kf6 67. Ra4 Rb6 68. Rg4 Ra6 69. Rf4+ Kg7 70. Kg4 Ra1 71. Rc4 Ra6 72. Rc7+ Kf6 73. Rh7 Ra4+ 74. Kg3 Ra5 75. Rh8 Ra4 76. Rf8+ Kg7 77. Rf4 Ra6 78. Kg4 Ra1 79. Rd4 Ra6 80. Rd5 Kf6 81. f4 Rb6 82. h5 gxh5+ 83. Rxh5 Rb1 84. Rh6+ Kg7 85. Ra6 Rb5 86. Re6 Kf7 87. Re4 Kf6 88. Rc4 Ra5 89. f5 Ra1 90. Rc6+ Kf7 91. Rc4 Rg1+ 92. Kf4 Rf1+ 93. Ke5 Re1+ 94. Re4 Rxe4+ 95. Kxe4 Kf6 96. Kf4 Kf7 97. Ke5 Ke7 98. f6+ Kf7 99. Kf5 Kf8 100. Kg6 Kg8 101. f7+ Kf8 102. Kf6 1/2-1/2

[Event "European Womens-ch 2025"]
[Site "Rhodes"]
[Date "2025.04.08"]
[Round "8.33"]
[White "Brunello, Marina"]
[Black "Zaksaite, Salomeja"]
[Result "1-0"]
[Annotator "RC"]
[ECO "C55"]
[WhiteElo "2330"]
[BlackElo "2137"]
[PlyCount "127"]
[EventDate "2025.03.29"]
[EventType "swiss"]
[EventCountry "GRE"]
[SourceTitle "playchess.com"]
[Source "ChessBase"]
[SourceQuality "1"]
[TimeControl "40/5400+30:1800+30"]

1. e4 e5 2. Nf3 Nc6 3. Bc4 Nf6 4. d3 h6 5. O-O d6 6. Re1 Na5 7. Nc3 Nxc4 8. dxc4 Be7 9. Nd2 O-O 10. Nf1 Nh7 11. Ng3 Bg5 12. Qd3 Bxc1 13. Raxc1 Ng5 14. Rcd1 Ne6 15. Nd5 g6 16. Rf1 Bd7 17. Qe3 Qg5 18. Qxg5 hxg5 19. Nf6+ Kg7 20. Nxd7 Rfd8 21. Nxe5 dxe5 22. f3 Kf6 23. Rfe1 Rxd1 24. Rxd1 Rd8 25. Rxd8 Nxd8 26. Nf1 Ke6 27. Kf2 Kd6 28. Ne3 c6 29. Ke2 f6 30. Kd2 Ne6 31. c3 Nc7 32. Ng4 Ne8 33. Nf2 Nc7 34. Nd3 Ne6 35. g3 Nc5 36. Nf2 Ne6 37. Ng4 Ke7 38. Kc2 Nf8 39. c5 Ne6 40. b4 Nc7 41. Ne3 Ne8 42. Nc4 Kd7 43. Kd3 Ng7 44. Nd6 Kc7 45. a4 a6 46. a5 Nh5 47. Ke3 Kb8 48. Kf2 Kc7 49. Kf1 Ng7 50. Kg2 Nh5 51. Kh3 Ng7 52. Kg4 Nh5 53. Nf7 Kd7 54. Nh8 Ke8 55. Nxg6 Ng7 56. h4 Kf7 57. h5 Ne6 58. f4 exf4 59. gxf4 gxf4 60. Nxf4 Nf8 61. e5 Nh7 62. e6+ Ke7 63. Kf5 Ng5 64. h6 1-0

[Event "European Womens-ch 2025"]
[Site "Rhodes"]
[Date "2025.04.08"]
[Round "8.34"]
[White "Dicen, Elis Denele"]
[Black "Antolak, Julia"]
[Result "0-1"]
[Annotator "RC"]
[ECO "A49"]
[WhiteElo "2129"]
[BlackElo "2314"]
[PlyCount "100"]
[EventDate "2025.03.29"]
[EventType "swiss"]
[EventCountry "GRE"]
[SourceTitle "playchess.com"]
[Source "ChessBase"]
[SourceQuality "1"]
[TimeControl "40/5400+30:1800+30"]

1. d4 Nf6 2. c4 g6 3. g3 c5 4. dxc5 Na6 5. Bg2 Bg7 6. Nc3 O-O 7. Nf3 Nxc5 8. O-O d6 9. Be3 Bd7 10. Rc1 Bc6 11. b4 Nce4 12. Nxe4 Bxe4 13. Qb3 a5 14. b5 Nd7 15. Rfd1 Qc7 16. Nd2 Bxg2 17. Kxg2 b6 18. h4 h6 19. Nf3 Nc5 20. Qc2 f5 21. Qd2 Kh7 22. Bd4 Bxd4 23. Nxd4 e5 24. Nc6 Rf6 25. Qd5 Re8 26. e3 Qg7 27. Rh1 Rfe6 28. Rce1 Qf6 29. Qf3 Rf8 30. Rd1 Ne4 31. Rc1 g5 32. hxg5 Nxg5 33. Qe2 f4 34. Qc2+ Kg8 35. exf4 exf4 36. Qc3 f3+ 37. Kg1 Qg6 38. Qd2 Ne4 39. Qd5 Kh7 40. Rh3 Rf5 41. Qd3 Qg4 42. Rh4 Qg5 43. Rxe4 Qxc1+ 44. Kh2 Kh8 45. Qd4+ Ref6 46. Re8+ Kg7 47. Qg4+ Qg5 48. Qe4 Qh5+ 49. Kg1 Qh3 50. Re7+ Kg6 0-1

[Event "European Womens-ch 2025"]
[Site "Rhodes"]
[Date "2025.04.08"]
[Round "8.35"]
[White "Mkrtchyan, Mariam"]
[Black "Nadzamova, Viktoria"]
[Result "1-0"]
[Annotator "RC"]
[ECO "E17"]
[WhiteElo "2282"]
[BlackElo "2122"]
[PlyCount "87"]
[EventDate "2025.03.29"]
[EventType "swiss"]
[EventCountry "GRE"]
[SourceTitle "playchess.com"]
[Source "ChessBase"]
[SourceQuality "1"]
[TimeControl "40/5400+30:1800+30"]

1. d4 Nf6 2. c4 e6 3. Nf3 b6 4. g3 Bb7 5. Bg2 Be7 6. Nc3 Ne4 7. Bd2 O-O 8. d5 Nxd2 9. Qxd2 d6 10. dxe6 fxe6 11. Qe3 e5 12. O-O Bf6 13. Nd5 Nd7 14. Rad1 Rb8 15. b4 Re8 16. Nd2 Bg5 17. Qd3 Bxd2 18. Rxd2 Kh8 19. Kh1 Nf6 20. e4 Bc8 21. f4 exf4 22. gxf4 Be6 23. Re2 Bg4 24. Re3 c6 25. Nxf6 Qxf6 26. e5 dxe5 27. fxe5 Qe6 28. Qe4 Rf8 29. Rxf8+ Rxf8 30. h3 Qh6 31. e6 Bh5 32. e7 Re8 33. b5 cxb5 34. cxb5 Bf7 35. Qe5 Qg6 36. Bc6 Qb1+ 37. Kh2 Qf1 38. Rf3 Qc4 39. Bxe8 Qc2+ 40. Kg1 Qb1+ 41. Rf1 Qg6+ 42. Kh1 Qd3 43. Rxf7 Qd1+ 44. Kg2 1-0

[Event "European Womens-ch 2025"]
[Site "Rhodes"]
[Date "2025.04.08"]
[Round "8.36"]
[White "Calzetta Ruiz, Monica"]
[Black "Cornileau, Juliette"]
[Result "1/2-1/2"]
[Annotator "RC"]
[ECO "B66"]
[WhiteElo "2230"]
[BlackElo "2130"]
[PlyCount "154"]
[EventDate "2025.03.29"]
[EventType "swiss"]
[EventCountry "GRE"]
[SourceTitle "playchess.com"]
[Source "ChessBase"]
[SourceQuality "1"]
[TimeControl "40/5400+30:1800+30"]

1. e4 c5 2. Nf3 d6 3. d4 cxd4 4. Nxd4 Nf6 5. Nc3 Nc6 6. Bg5 e6 7. Qd2 a6 8. Nxc6 bxc6 9. O-O-O Be7 10. Bxf6 gxf6 11. Bc4 Rb8 12. Rhe1 Bd7 13. Bb3 Qb6 14. Na4 Qc7 15. f4 c5 16. c4 Rg8 17. Nc3 a5 18. Re2 Rb4 19. Qc2 a4 20. Nxa4 d5 21. exd5 Qxf4+ 22. Kb1 e5 23. Rf2 Rxg2 24. Rxf4 Rxc2 25. Bxc2 exf4 26. d6 Bxa4 27. Bxa4+ Rxa4 28. b3 Ra6 29. dxe7 Kxe7 30. Rf1 f5 31. Rxf4 Kf6 32. a4 Ke5 33. Rf1 f4 34. Kc2 Ke4 35. Re1+ Kf3 36. Ra1 Ke2 37. b4 cxb4 38. Kb3 f3 39. a5 f2 40. Kxb4 Rd6 41. c5 Rd1 42. Ra2+ Ke3 43. Rxf2 Rb1+ 44. Kc4 Kxf2 45. c6 Ke3 46. Kc5 Rb8 47. a6 f5 48. a7 Rg8 49. Kb6 f4 50. Kb7 f3 51. a8=Q Rxa8 52. Kxa8 f2 53. c7 f1=Q 54. c8=Q Qg2+ 55. Ka7 Qa2+ 56. Kb7 Qb3+ 57. Ka7 Qa2+ 58. Kb7 Qg2+ 59. Ka7 Qxh2 60. Qc5+ Ke4 61. Qc4+ Kf5 62. Qf7+ Ke4 63. Qc4+ Kf3 64. Qd3+ Kf2 65. Qd4+ Kf1 66. Qd1+ Kg2 67. Qe2+ Kh1 68. Qe4+ Kg1 69. Qe1+ Kg2 70. Qe2+ Kg3 71. Qe5+ Kh3 72. Qf5+ Kg2 73. Qe4+ Kf1 74. Qd3+ Kg1 75. Qd1+ Kg2 76. Qe2+ Kh1 77. Qe4+ Kg1 1/2-1/2

[Event "European Womens-ch 2025"]
[Site "Rhodes"]
[Date "2025.04.08"]
[Round "8.37"]
[White "Rudzinska, Michalina"]
[Black "Hapala, Elisabeth"]
[Result "0-1"]
[Annotator "RC"]
[ECO "B48"]
[WhiteElo "2223"]
[BlackElo "2092"]
[PlyCount "114"]
[EventDate "2025.03.29"]
[EventType "swiss"]
[EventCountry "GRE"]
[SourceTitle "playchess.com"]
[Source "ChessBase"]
[SourceQuality "1"]
[TimeControl "40/5400+30:1800+30"]

1. e4 c5 2. Nf3 e6 3. d4 cxd4 4. Nxd4 Nc6 5. Nc3 Qc7 6. Be3 a6 7. a3 b5 8. Nxc6 dxc6 9. Qg4 e5 10. Qg3 h5 11. Bd4 f6 12. Qg6+ Qf7 13. Qxf7+ Kxf7 14. Be3 f5 15. f4 g5 16. fxe5 f4 17. Bd2 h4 18. Ne2 Bg7 19. Bc3 c5 20. O-O-O Ne7 21. Ng1 g4 22. h3 Nc6 23. hxg4 Bxe5 24. Nf3 Bxc3 25. bxc3 Bxg4 26. Rd5 Bxf3 27. gxf3 Ne7 28. Rxc5 Rag8 29. c4 Rg3 30. Kd2 Rxf3 31. cxb5 axb5 32. Rxb5 Rxa3 33. Bc4+ Kf6 34. Bd3 h3 35. Ke2 h2 36. e5+ Ke6 37. Kf3 Nd5 38. Rc5 Kxe5 39. Re1+ Kd6 40. Rxd5+ Kxd5 41. Rh1 Rh4 42. Kg2 Rxd3 43. cxd3 Kd4 44. Kf3 Kxd3 45. Rd1+ Kc2 46. Rh1 Kd2 47. Kf2 Kd3 48. Kf3 Kd4 49. Rd1+ Ke5 50. Rh1 Rh8 51. Re1+ Kf5 52. Rh1 Rh3+ 53. Kf2 Kg4 54. Kg2 f3+ 55. Kf2 Rh8 56. Ke1 Kg3 57. Kf1 Ra8 0-1

[Event "European Womens-ch 2025"]
[Site "Rhodes"]
[Date "2025.04.08"]
[Round "8.38"]
[White "Khurtsilava, Inga"]
[Black "Zagorac, Lara"]
[Result "1-0"]
[Annotator "RC"]
[ECO "D05"]
[WhiteElo "2214"]
[BlackElo "2106"]
[PlyCount "97"]
[EventDate "2025.03.29"]
[EventType "swiss"]
[EventCountry "GRE"]
[SourceTitle "playchess.com"]
[Source "ChessBase"]
[SourceQuality "1"]
[TimeControl "40/5400+30:1800+30"]

1. Nf3 d5 2. d4 Nf6 3. e3 e6 4. Bd3 c5 5. b3 Nc6 6. a3 Bd6 7. Bb2 O-O 8. O-O b6 9. Nbd2 Bb7 10. Ne5 Ne7 11. f4 Ne4 12. Qe2 f6 13. Nef3 Qe8 14. Rad1 Qh5 15. dxc5 Bxc5 16. b4 Nxd2 17. Rxd2 Bd6 18. Nd4 Qxe2 19. Rxe2 Bc8 20. Nb5 Rd8 21. e4 dxe4 22. Rxe4 a6 23. Nxd6 Rxd6 24. Rfe1 Kf7 25. Bc4 Bd7 26. Bb3 Rc8 27. g4 g6 28. g5 fxg5 29. fxg5 Nf5 30. Be5 Rdc6 31. Rd1 Be8 32. Re2 b5 33. Kf2 h5 34. gxh6 Nxh6 35. Bd6 Bd7 36. Bf4 Ng4+ 37. Kg3 Nf6 38. Be5 Nd5 39. Rf1+ Ke7 40. Bd4 Kd8 41. Rf7 Be8 42. Rf1 Bd7 43. Rf7 Be8 44. Rg7 Rd6 45. Bxd5 exd5 46. Bc5 Rdc6 47. Rg8 Rxc5 48. Rgxe8+ Kd7 49. R8e7+ 1-0